[Event "V Copa Marcel Duchamp 2022"]
[Site "Montevideo"]
[Date "2022.02.19"]
[Round "9.17"]
[White "Dotta, Gian Franco"]
[Black "Curi, Gabriel"]
[Result "0-1"]
[ECO "A64"]
[WhiteElo "1991"]
[BlackElo "2205"]
[Annotator "ChessBase"]
[PlyCount "68"]
[EventDate "2022.02.12"]
[EventCountry "URU"]
[SourceTitle "playchess.com"]
[Source "ChessBase"]
[SourceQuality "1"]
[TimeControl "5400+30"]

1. d4 Nf6 2. c4 e6 3. g3 c5 4. d5 exd5 5. cxd5 d6 6. Nc3 g6 7. Nf3 Bg7 8. Bg2 O-O 9. O-O a6 10. a4 Re8 11. Nd2 Nbd7 12. Re1 Rb8 13. a5 b5 14. axb6 Nxb6 15. e4 Ng4 16. Qe2 f5 17. h3 Nf6 18. Qd3 Qc7 19. Nc4 Nxc4 20. Qxc4 Rb4 21. Qd3 fxe4 22. Nxe4 Nxe4 23. Rxe4 Rexe4 24. Bxe4 Qe7 25. f3 Bd4+ 26. Kh1 Bxb2 27. Bxb2 Rxb2 28. Bxg6 Qg7 29. Re1 Qxg6 30. Qxg6+ hxg6 31. Re8+ Kf7 32. Rxc8 a5 33. Kg1 a4 34. Ra8 c4 0-1

[Event "V Copa Marcel Duchamp 2022"]
[Site "Montevideo"]
[Date "2022.02.19"]
[Round "9.18"]
[White "Fernandez, Maria Florencia"]
[Black "Garcia, Luis E."]
[Result "1-0"]
[ECO "A59"]
[WhiteElo "2200"]
[BlackElo "2192"]
[Annotator "ChessBase"]
[PlyCount "89"]
[EventDate "2022.02.12"]
[EventCountry "URU"]
[SourceTitle "playchess.com"]
[Source "ChessBase"]
[SourceQuality "1"]
[TimeControl "5400+30"]

1. d4 Nf6 2. c4 c5 3. d5 b5 4. cxb5 a6 5. bxa6 Bxa6 6. Nc3 g6 7. Nf3 d6 8. e4 Bxf1 9. Kxf1 Bg7 10. g3 O-O 11. Kg2 Qb6 12. Qc2 Na6 13. a4 Rfb8 14. Ra3 Ng4 15. Nb5 Nc7 16. Rb3 Nxb5 17. Rxb5 Qa7 18. Rxb8+ Rxb8 19. h3 Ne5 20. Nd2 Qa6 21. b3 Qe2 22. Qd1 Qd3 23. Re1 f5 24. f4 Nf7 25. Qe2 Qxe2+ 26. Rxe2 fxe4 27. Rxe4 Kf8 28. Re3 Nd8 29. Nc4 Bd4 30. Rf3 Kg7 31. Bd2 Kf6 32. g4 h6 33. Ba5 Nb7 34. Bc7 Ra8 35. Rf1 Ra6 36. Re1 Kf7 37. h4 Bc3 38. Re6 Ba5 39. Ne5+ Ke8 40. Nc6 Bxc7 41. Rxe7+ Kf8 42. Rxc7 Na5 43. Nxa5 Rxa5 44. Kf3 Ra6 45. Rc6 1-0

[Event "V Copa Marcel Duchamp 2022"]
[Site "Montevideo"]
[Date "2022.02.19"]
[Round "9.19"]
[White "Muniz, Rafael"]
[Black "Nejanky, Maisa"]
[Result "0-1"]
[ECO "A05"]
[WhiteElo "2194"]
[BlackElo "1948"]
[Annotator "ChessBase"]
[PlyCount "96"]
[EventDate "2022.02.12"]
[EventCountry "URU"]
[SourceTitle "playchess.com"]
[Source "ChessBase"]
[SourceQuality "1"]
[TimeControl "5400+30"]

1. Nf3 Nf6 2. g3 c5 3. Bg2 Nc6 4. O-O g6 5. c4 Bg7 6. Nc3 d6 7. a3 O-O 8. Rb1 Bf5 9. d3 Qd7 10. Re1 Bh3 11. Bh1 h6 12. b4 Nh5 13. Bd2 Rac8 14. bxc5 dxc5 15. Rb5 b6 16. a4 Bg4 17. Rb1 Nf6 18. Qc1 Kh7 19. Nd5 Nxd5 20. cxd5 Nb4 21. Bxb4 cxb4 22. Qf4 Bxf3 23. Bxf3 a5 24. g4 Bf6 25. Kg2 Qxa4 26. h4 Qd7 27. Be4 Qd6 28. Qe3 Rc5 29. g5 Bg7 30. h5 Rxd5 31. hxg6+ fxg6 32. Rh1 Re5 33. Rh4 Qc5 34. gxh6 Bf6 35. Qf4 Rg5+ 36. Kf1 b3 37. d4 Qd6 38. Qxd6 exd6 39. Rxb3 b5 40. Rc3 Bxd4 41. Bxg6+ Rxg6 42. Rxd4 Rxh6 43. Rc7+ Kh8 44. Rb7 b4 45. Rd5 Ra8 46. Rbb5 a4 47. Rxb4 a3 48. Rdb5 a2 0-1

[Event "V Copa Marcel Duchamp 2022"]
[Site "Montevideo"]
[Date "2022.02.19"]
[Round "9.20"]
[White "Lavandeira, Juan Bautista"]
[Black "Avedisian, Alexander"]
[Result "1/2-1/2"]
[ECO "A45"]
[WhiteElo "1516"]
[BlackElo "1875"]
[Annotator "NA"]
[PlyCount "68"]
[EventDate "2022.02.12"]
[EventCountry "URU"]
[SourceTitle "playchess.com"]
[Source "ChessBase"]
[SourceQuality "1"]
[TimeControl "5400+30"]

1. d4 Nf6 2. g3 g6 3. Bg2 Bg7 4. e4 d6 5. Ne2 O-O 6. O-O Nc6 7. h3 Re8 8. Be3 e5 9. Nbc3 exd4 10. Nxd4 Nh5 11. Kh2 Ne5 12. Qe2 c5 {[%emt 0:09:24] [#]} 13. Nb3 (13. Nf5 $1 $16 ) 13... Be6 14. Rad1 (14. Nd2 $11) 14... Bc4 15. Qe1 Bxf1 16. Qxf1 c4 17. Nd2 b5 18. Nxb5 Qb8 19. a4 a6 20. Na3 $1 Qxb2 21. Ndxc4 Nxc4 22. Nxc4 Qxc2 23. Nxd6 Red8 24. Bb6 Rd7 25. a5 Be5 $1 26. Rc1 $15 Qb3 27. Nc4 Nxg3 28. fxg3 Qxg3+ 29. Kg1 Qh2+ 30. Kf2 Qg3+ 31. Kg1 Qh2+ 32. Kf2 Qg3+ 33. Ke2 Qd3+ 34. Kf2 Qg3+ 1/2-1/2

[Event "V Copa Marcel Duchamp 2022"]
[Site "Montevideo"]
[Date "2022.02.19"]
[Round "9.21"]
[White "Torales, Agustin"]
[Black "Brizzi, Milagros Tatiana"]
[Result "1/2-1/2"]
[ECO "D45"]
[WhiteElo "1682"]
[BlackElo "2063"]
[Annotator "NA"]
[PlyCount "183"]
[EventDate "2022.02.12"]
[EventCountry "URU"]
[SourceTitle "playchess.com"]
[Source "ChessBase"]
[SourceQuality "1"]
[TimeControl "5400+30"]

1. d4 d5 2. Nf3 Nf6 3. c4 c6 4. Nc3 e6 5. e3 Nbd7 6. Qc2 b6 7. Be2 Bb7 8. O-O Be7 9. b3 O-O 10. Bb2 Rc8 11. Rac1 Qc7 12. Rfd1 Rfd8 13. Qb1 Qb8 14. cxd5 cxd5 15. Bd3 a6 16. h3 b5 17. Ne2 Bd6 18. Rxc8 Rxc8 19. Rc1 Ne4 20. Rxc8+ Qxc8 21. Ne5 f5 22. f3 Nef6 23. Nf4 Qe8 24. h4 Nb6 25. Qe1 Nfd7 26. Qa5 Bc7 27. Qb4 Nxe5 28. dxe5 Nd7 29. a4 Bxe5 30. Bxe5 Nxe5 31. Be2 Bc6 {[%emt 0:06:00] [#]} (31... Nc6 $11 {keeps the balance.} 32. Qd6 Kf7) 32. axb5 $1 ({Reject} 32. Qd6 $6 Nf7 33. Qxe6 Qxe6 34. Nxe6 bxa4 35. bxa4 Bxa4 $11) 32... axb5 33. Qd6 $1 Ng6 34. Nxe6 (34. Qxe6+ $16 Qxe6 35. Nxe6) 34... Bd7 35. Nd4 Qxe3+ 36. Kf1 Qxd4 37. Qxd7 Qa1+ 38. Kf2 Qd4+ 39. Kf1 b4 40. h5 Nf8 41. Qxf5 Qa1+ 42. Kf2 $11 Qa7+ 43. Kf1 Qd7 44. Qf4 Qb7 45. Qd6 Nd7 46. Bd3 Nf6 47. Bf5 Qa8 48. Kg1 Qe8 49. Be6+ Kh8 50. Bxd5 Qe1+ 51. Kh2 Qh4+ 52. Kg1 Qd4+ 53. Kf1 Qxd5 54. Qf8+ Qg8 55. Qxb4 Nxh5 56. Qc5 Nf4 57. b4 Qd8 58. Qc4 Qd3+ 59. Qxd3 Nxd3 60. b5 Nc5 61. b6 Kg8 62. f4 Kf7 63. g4 Ke6 64. Ke2 Kd5 65. Kf3 Nb7 66. Ke3 Nd6 67. Kd3 h6 68. f5 Nb7 69. Ke3 Ke5 70. Kf3 Nd6 71. Kg3 h5 72. Kh4 hxg4 73. Kxg4 Kf6 74. Kf4 Nb7 75. Kg4 Nc5 76. Kf4 Kf7 77. Kg5 Nb7 78. Kg4 Kf6 79. Kf4 Nd8 80. Kg4 Ke7 81. Kg5 Kf7 82. Kg4 Nb7 83. Kg5 Nc5 84. Kf4 Kg8 85. Kg5 Kh7 86. Kh5 Nb7 87. Kg5 Nd6 88. b7 Nxb7 89. f6 g6 90. f7 Nd8 91. f8=N+ Kg7 92. Nxg6 1/2-1/2

[Event "V Copa Marcel Duchamp 2022"]
[Site "Montevideo"]
[Date "2022.02.19"]
[Round "9.22"]
[White "Pichuaga, Juan Pablo"]
[Black "Kulik, Nicolas"]
[Result "1-0"]
[ECO "C02"]
[WhiteElo "2030"]
[BlackElo "1775"]
[Annotator "ChessBase"]
[PlyCount "101"]
[EventDate "2022.02.12"]
[EventCountry "URU"]
[SourceTitle "playchess.com"]
[Source "ChessBase"]
[SourceQuality "1"]
[TimeControl "5400+30"]

1. e4 e6 2. d4 d5 3. e5 c5 4. Nf3 Nc6 5. Bd3 cxd4 6. a3 Qb6 7. b4 a6 8. Bf4 Nge7 9. Qe2 Bd7 10. Nbd2 Ng6 11. Bg3 Rc8 12. O-O Be7 13. h4 f6 14. exf6 gxf6 15. h5 Nf8 16. Nh4 e5 17. f3 Rg8 18. Qf2 Nd8 19. c4 dxc4 20. Nxc4 Qe6 21. Nd2 Rc3 22. Bf5 Qb6 23. Ne4 Rc6 24. f4 exf4 25. Bxf4 Bxf5 26. Nxf5 Re6 27. Rae1 Nc6 28. Bd6 Rg4 29. Bxe7 Nxe7 30. Nxe7 Rgxe4 31. Rxe4 Rxe7 32. Qxd4 Qxd4+ 33. Rxd4 Ne6 34. Rd6 Kf7 35. g4 h6 36. Kh2 Rc7 37. Rf2 Ke7 38. Rb6 Kf7 39. Rd2 Ng5 40. Rd8 Rc2+ 41. Kg3 Rc3+ 42. Kg2 Rxa3 43. Rd7+ Ke8 44. Rdxb7 Ra2+ 45. Kf1 Nf3 46. Ra7 Nh2+ 47. Ke1 Ra1+ 48. Ke2 Ra2+ 49. Kd3 Ra3+ 50. Kc4 Nxg4 51. Rb8# 1-0

[Event "V Copa Marcel Duchamp 2022"]
[Site "Montevideo"]
[Date "2022.02.19"]
[Round "9.23"]
[White "Cordero, Daniela"]
[Black "Lavandeira, Juan Facundo"]
[Result "1-0"]
[ECO "E68"]
[WhiteElo "2011"]
[BlackElo "1520"]
[Annotator "ChessBase"]
[PlyCount "86"]
[EventDate "2022.02.12"]
[EventCountry "URU"]
[SourceTitle "playchess.com"]
[Source "ChessBase"]
[SourceQuality "1"]
[TimeControl "5400+30"]

1. d4 Nf6 2. Nf3 g6 3. c4 Bg7 4. g3 O-O 5. Bg2 d6 6. O-O Nbd7 7. Nc3 e5 8. e4 exd4 9. Nxd4 Re8 10. Re1 Nc5 11. h3 Bd7 12. Rb1 Qc8 13. Kh2 Ne6 14. Be3 a6 15. b4 Rb8 16. Nd5 b5 17. Nxe6 Bxe6 18. c5 Nxd5 19. exd5 Bf5 20. Rc1 Qd8 21. g4 Bc8 22. Qd2 h5 23. gxh5 gxh5 24. Bg5 f6 25. Bf4 Rxe1 26. Rxe1 Bf5 27. Qe2 Bg6 28. cxd6 cxd6 29. Qe6+ Bf7 30. Qxd6 Qxd6 31. Bxd6 Rd8 32. Be7 Rxd5 33. Bxd5 Bxd5 34. a3 Kf7 35. Bc5 Bh6 36. Re7+ Kg6 37. Be3 Bxe3 38. fxe3 f5 39. Kg3 Kf6 40. Re8 Bf7 41. Rf8 Ke7 42. Ra8 Kd6 43. Kf4 Kd5 1-0

[Event "V Copa Marcel Duchamp 2022"]
[Site "Montevideo"]
[Date "2022.02.19"]
[Round "9.24"]
[White "Durante, Aurelio"]
[Black "Zaruski, Julio"]
[Result "1-0"]
[ECO "B20"]
[WhiteElo "1944"]
[BlackElo "1764"]
[Annotator "ChessBase"]
[PlyCount "67"]
[EventDate "2022.02.12"]
[EventCountry "URU"]
[SourceTitle "playchess.com"]
[Source "ChessBase"]
[SourceQuality "1"]
[TimeControl "5400+30"]

1. e4 c5 2. d3 d5 3. Nd2 e6 4. Ngf3 Nc6 5. g3 Nf6 6. Bg2 Be7 7. O-O b5 8. Re1 O-O 9. e5 Nd7 10. Nf1 Bb7 11. h4 a5 12. N1h2 a4 13. Ng4 f5 14. exf6 Nxf6 15. Nxf6+ Bxf6 16. Rxe6 a3 17. c3 b4 18. Qc2 Qd7 19. Re1 axb2 20. Bxb2 bxc3 21. Bxc3 Nb4 22. Qd2 Bxc3 23. Qxc3 Rxf3 24. Bxf3 d4 25. Qc4+ Kh8 26. Bxb7 Qxb7 27. a3 Na6 28. Rab1 Qc8 29. Qd5 h6 30. Re7 Rb8 31. Rbe1 Qg4 32. Re8+ Rxe8 33. Rxe8+ Kh7 34. h5 1-0

[Event "V Copa Marcel Duchamp 2022"]
[Site "Montevideo"]
[Date "2022.02.19"]
[Round "9.25"]
[White "Moccero, Eduardo"]
[Black "Boabaid, Jorge Alberto Duarde"]
[Result "1-0"]
[ECO "A48"]
[WhiteElo "1919"]
[BlackElo "1756"]
[Annotator "ChessBase"]
[PlyCount "63"]
[EventDate "2022.02.12"]
[EventCountry "URU"]
[SourceTitle "playchess.com"]
[Source "ChessBase"]
[SourceQuality "1"]
[TimeControl "5400+30"]

1. d4 Nf6 2. Nf3 g6 3. c4 Bg7 4. Nc3 d6 5. Bf4 O-O 6. h3 Nbd7 7. e3 Re8 8. Be2 b6 9. O-O Bb7 10. Qc2 e5 11. dxe5 dxe5 12. Bh2 Qe7 13. Nb5 Rec8 14. Rfd1 a6 15. Nc3 c6 16. a3 b5 17. b3 Re8 18. Ra2 b4 19. axb4 Qxb4 20. Ra4 Qe7 21. Ra2 h5 22. b4 Rad8 23. c5 Rb8 24. Rb1 Ra8 25. Bc4 Nd5 26. Ne4 Kh8 27. Nd6 Reb8 28. e4 Nxb4 29. Rxb4 Nxc5 30. Nxf7+ Kg8 31. N7xe5+ Ne6 32. Nxc6 1-0

[Event "V Copa Marcel Duchamp 2022"]
[Site "Montevideo"]
[Date "2022.02.19"]
[Round "9.26"]
[White "Urrestarazu, Diego"]
[Black "Manteiga, Franco"]
[Result "1/2-1/2"]
[ECO "A17"]
[WhiteElo "1833"]
[BlackElo "1915"]
[Annotator "NA"]
[PlyCount "79"]
[EventDate "2022.02.12"]
[EventCountry "URU"]
[SourceTitle "playchess.com"]
[Source "ChessBase"]
[SourceQuality "1"]
[TimeControl "5400+30"]

1. c4 Nf6 2. Nc3 e6 3. g3 d5 4. cxd5 exd5 5. d4 c6 6. Bg2 Bf5 7. Nf3 Nbd7 8. a3 h6 9. O-O Bd6 10. Nd2 O-O 11. e4 dxe4 12. Ndxe4 Nb6 13. Qf3 Bxe4 14. Nxe4 Nxe4 15. Qxe4 Qd7 16. Qd3 Be5 17. Rd1 Rfd8 18. Be3 Bf6 19. Rac1 Nd5 20. Bxd5 Qxd5 21. Qc4 Qxc4 22. Rxc4 Rd5 23. b4 a5 (23... Be7 $15 {is more appropriate.}) 24. Rc5 $15 axb4 25. Rxd5 cxd5 26. axb4 Ra4 27. Rb1 Be7 28. Bd2 Ra2 29. Be3 Ra4 30. Bd2 Ra2 31. Be3 Rc2 32. b5 Rc4 33. Rc1 Rxc1+ 34. Bxc1 Kf8 35. Kf1 Ke8 36. Bd2 Bf6 37. Bc3 Kd7 38. Ke2 Kc7 39. Ba5+ Kd6 40. Bb6 1/2-1/2

[Event "V Copa Marcel Duchamp 2022"]
[Site "Montevideo"]
[Date "2022.02.19"]
[Round "9.27"]
[White "Popov, Mark"]
[Black "Escofet, Jaime"]
[Result "0-1"]
[ECO "C00"]
[WhiteElo "1758"]
[BlackElo "1981"]
[Annotator "NA"]
[PlyCount "54"]
[EventDate "2022.02.12"]
[EventCountry "URU"]
[SourceTitle "playchess.com"]
[Source "ChessBase"]
[SourceQuality "1"]
[TimeControl "5400+30"]

1. e4 e6 2. b3 d5 3. Bb2 Nf6 4. e5 Nfd7 5. Qh5 g6 6. Qf3 Bg7 7. d4 c5 8. c3 Nc6 9. Bb5 cxd4 10. Bxc6 bxc6 11. cxd4 c5 12. Qf4 Ba6 13. Nf3 Rc8 14. dxc5 Rxc5 15. Ng5 O-O 16. Nd2 Rc2 17. Ba3 Nxe5 18. Qh4 h6 19. Bxf8 hxg5 20. Bxg7 Nd3+ 21. Kd1 Rxd2+ 22. Kxd2 gxh4 23. Bd4 e5 24. Bxa7 Qa5+ 25. Ke3 d4+ 26. Bxd4 exd4+ 27. Kxd4 Qe5# 0-1

[Event "V Copa Marcel Duchamp 2022"]
[Site "Montevideo"]
[Date "2022.02.19"]
[Round "9.29"]
[White "Rodriguez Farias, Eduardo"]
[Black "Elena, Eduardo"]
[Result "1/2-1/2"]
[ECO "B30"]
[WhiteElo "1931"]
[BlackElo "1712"]
[Annotator "NA"]
[PlyCount "83"]
[EventDate "2022.02.12"]
[EventCountry "URU"]
[SourceTitle "playchess.com"]
[Source "ChessBase"]
[SourceQuality "1"]
[TimeControl "5400+30"]

1. e4 c5 2. Nf3 Nc6 3. c3 e5 4. Bb5 a6 5. Ba4 b5 6. Bc2 Be7 7. O-O Bf6 8. d4 d6 9. d5 Nce7 10. h3 Ng6 11. a4 Bd7 12. Na3 N8e7 13. Qe2 Qb6 14. axb5 axb5 15. Nc4 bxc4 16. Rxa8+ Nc8 17. Ba4 Bxa4 18. Rxc8+ Bd8 19. Qxc4 Bb3 20. Qe2 O-O 21. Rc6 Qb8 22. Qa6 Bc7 23. Nd2 Bc2 24. Qc4 Nf4 25. b4 Bd3 26. Qa2 Ne2+ 27. Kh1 Nxc3 28. Qb3 cxb4 29. f3 Bxf1 30. Nxf1 f5 31. Qc4 fxe4 32. Rxc7 exf3 33. gxf3 Nb5 34. Re7 Nd4 35. Qc7 Qxc7 36. Rxc7 Rxf3 37. Ne3 Rf2 38. Rd7 Nf3 39. Ng4 Rc2 40. Bh6 gxh6 41. Nf6+ Kf8 42. Nxh7+ 1/2-1/2

[Event "V Copa Marcel Duchamp 2022"]
[Site "Montevideo"]
[Date "2022.02.19"]
[Round "9.30"]
[White "Pinero, Ismael"]
[Black "Parma, Pamela"]
[Result "1-0"]
[ECO "B76"]
[WhiteElo "1906"]
[BlackElo "1761"]
[Annotator "ChessBase"]
[PlyCount "109"]
[EventDate "2022.02.12"]
[EventCountry "URU"]
[SourceTitle "playchess.com"]
[Source "ChessBase"]
[SourceQuality "1"]
[TimeControl "5400+30"]

1. e4 c5 2. Nf3 d6 3. d4 cxd4 4. Nxd4 Nf6 5. Nc3 g6 6. Be3 Bg7 7. f3 O-O 8. Qd2 Nc6 9. O-O-O Nxd4 10. Bxd4 Be6 11. Kb1 Qc7 12. g4 Rfc8 13. h4 Qa5 14. Nd5 Qxd2 15. Nxf6+ Bxf6 16. Rxd2 Bxd4 17. Rxd4 Kg7 18. g5 Rc5 19. b3 Rac8 20. Bd3 b5 21. a4 bxa4 22. Rxa4 a5 23. Kb2 Bd7 24. Rc4 d5 25. exd5 Rxd5 26. Kc3 e5 27. Re1 f6 28. gxf6+ Kxf6 29. Ree4 Rdc5 30. f4 Bf5 31. fxe5+ Rxe5 32. Rf4 Rcc5 33. Rxc5 Rxc5+ 34. Kd4 Re5 35. Bxf5 Rxf5 36. Rxf5+ Kxf5 37. c4 Ke6 38. Kc5 h6 39. Kc6 g5 40. hxg5 hxg5 41. c5 g4 42. Kb7 g3 43. c6 g2 44. c7 g1=Q 45. c8=Q+ Kd5 46. Qc6+ Ke5 47. Qb5+ Kd6 48. Qb6+ Qxb6+ 49. Kxb6 Kd5 50. Kxa5 Kc5 51. b4+ Kc6 52. Ka6 Kc7 53. b5 Kb8 54. Kb6 Ka8 55. Kc7 1-0

[Event "V Copa Marcel Duchamp 2022"]
[Site "Montevideo"]
[Date "2022.02.19"]
[Round "9.31"]
[White "Palacio, Enzo"]
[Black "Perez Selios, Luis"]
[Result "1-0"]
[ECO "B42"]
[WhiteElo "1896"]
[BlackElo "1429"]
[Annotator "NA"]
[PlyCount "133"]
[EventDate "2022.02.12"]
[EventCountry "URU"]
[SourceTitle "playchess.com"]
[Source "ChessBase"]
[SourceQuality "1"]
[TimeControl "5400+30"]

1. e4 c5 2. Nf3 e6 3. d4 cxd4 4. Nxd4 a6 5. Bd3 Nc6 6. Be3 Qc7 7. Qe2 Nf6 8. O-O Bc5 9. Nxe6 dxe6 10. Bxc5 Ne5 11. Bd4 Nxd3 12. Qxd3 e5 13. Be3 Be6 14. Nd2 O-O 15. c4 Rfd8 16. Qc2 Ng4 17. Rfe1 Nxe3 18. Rxe3 Rd4 19. b3 Rad8 20. Nf3 R4d7 21. h3 b5 22. Rc1 bxc4 23. bxc4 Qc5 24. Qa4 Rd6 25. a3 f6 26. Qb4 Qxb4 27. axb4 Rd1+ 28. Re1 Rxe1+ 29. Nxe1 Rd4 30. c5 (30. b5 $11 axb5 31. cxb5) 30... Rxb4 31. f3 Rb8 32. Nd3 a5 33. c6 Kf8 34. Nc5 Bc8 35. Nb7 Bxb7 36. Rb1 {[%emt 0:00:58] Pin} Rc8 37. cxb7 Rb8 38. Kf2 Ke7 39. Kg3 Kd6 40. Rb5 a4 41. Rb6+ Kc5 42. Rb1 a3 43. Rb3 a2 44. Ra3 Rxb7 45. Rxa2 Kd4 46. Ra8 Ke3 47. h4 h6 48. h5 Rc7 49. Kg4 Rc2 50. g3 Rc4 $2 (50... Rc3 $11) 51. Ra7 $18 f5+ 52. Kxf5 Kxf3 53. Ra3+ Kg2 54. g4 Rc8 55. Kxe5 Re8+ 56. Kf5 Rf8+ 57. Kg6 Re8 58. Ra7 Kh3 59. Rxg7 Rxe4 60. Kxh6 Kh4 61. Kh7 Re8 62. h6 Ra8 63. Rg8 Ra7+ 64. Kh8 Rb7 65. h7 Ra7 66. Rg6 Ra8+ 67. Kg7 1-0

[Event "V Copa Marcel Duchamp 2022"]
[Site "Montevideo"]
[Date "2022.02.19"]
[Round "9.32"]
[White "Quevedo, Andreina"]
[Black "Amaral, Francisco"]
[Result "1/2-1/2"]
[ECO "B41"]
[WhiteElo "1867"]
[BlackElo "1672"]
[Annotator "NA"]
[PlyCount "51"]
[EventDate "2022.02.12"]
[EventCountry "URU"]
[SourceTitle "playchess.com"]
[Source "ChessBase"]
[SourceQuality "1"]
[TimeControl "5400+30"]

1. e4 c5 2. Nf3 e6 3. d4 cxd4 4. Nxd4 a6 5. c4 Nf6 6. Nc3 Bb4 7. Nc2 Bxc3+ 8. bxc3 Nxe4 9. Qg4 f5 10. Qxg7 Qf6 11. Qxf6 Nxf6 12. Ba3 Nc6 13. Rb1 d5 14. cxd5 Nxd5 15. c4 Nf6 16. Be2 Kf7 17. O-O Rd8 $16 18. Rfd1 Rxd1+ 19. Rxd1 e5 20. Bb2 Be6 21. Ne3 e4 22. a3 Rd8 23. Rxd8 Nxd8 24. Kf1 Nc6 25. g3 Ng4 26. f4 1/2-1/2

[Event "V Copa Marcel Duchamp 2022"]
[Site "Montevideo"]
[Date "2022.02.19"]
[Round "9.33"]
[White "Barreto Filho, Carlos Alberto"]
[Black "Pena Canapa, Alfredo"]
[Result "0-1"]
[ECO "B01"]
[WhiteElo "2293"]
[BlackElo "1841"]
[Annotator "NA"]
[PlyCount "70"]
[EventDate "2022.02.12"]
[EventCountry "URU"]
[SourceTitle "playchess.com"]
[Source "ChessBase"]
[SourceQuality "1"]
[TimeControl "5400+30"]

1. e4 d5 2. Nc3 dxe4 3. Nxe4 Nd7 4. Nf3 Ngf6 5. Ng3 e6 6. Be2 b6 7. b3 Bb7 8. Bb2 Bd6 9. O-O O-O 10. Re1 c5 11. Bf1 Rc8 12. Ne5 Nxe5 13. Bxe5 Bxe5 14. Rxe5 Qd4 15. Re2 Rfd8 16. c3 Qd5 17. Qe1 Qc6 18. d3 Rxd3 19. Rd1 Rxd1 20. Qxd1 h6 21. Rd2 Qc7 22. Bd3 g6 23. Bc2 Qc6 24. f3 Kg7 25. Ne4 Nd5 26. Qe1 f5 27. c4 fxe4 28. Bxe4 Qd6 29. Qa1+ Kf7 30. Qb1 Rg8 31. Qd3 Qe5 32. cxd5 exd5 33. Bxd5+ Bxd5 34. Qxd5+ Qxd5 35. Rxd5 Ke6 0-1

[Event "V Copa Marcel Duchamp 2022"]
[Site "Montevideo"]
[Date "2022.02.19"]
[Round "9.34"]
[White "Visillac, Alejandro"]
[Black "Balseca Moreno, Diego"]
[Result "1/2-1/2"]
[ECO "B00"]
[WhiteElo "1814"]
[BlackElo "2269"]
[Annotator "ChessBase"]
[PlyCount "132"]
[EventDate "2022.02.12"]
[EventCountry "URU"]
[SourceTitle "playchess.com"]
[Source "ChessBase"]
[SourceQuality "1"]
[TimeControl "5400+30"]

1. e4 d6 2. Nf3 Nf6 3. d3 e5 4. Nc3 Bg4 5. Be2 Be7 6. Bg5 c6 7. h3 Bh5 8. Nh2 Bxe2 9. Nxe2 d5 10. Nc3 Qb6 11. Qc1 Qa5 12. O-O O-O 13. a3 Nbd7 14. Ne2 Rfe8 15. Ng3 Nf8 16. Nf5 Qd8 17. Ng4 Ng6 18. Nxe7+ Qxe7 19. f4 Qc5+ 20. Kh1 Nxg4 21. hxg4 exf4 22. Bxf4 dxe4 23. Be3 Qe5 24. Bf4 Nxf4 25. Rxf4 exd3 26. cxd3 Qe2 27. Qc4 Re6 28. Raf1 Rf8 29. R4f3 Re7 30. Qc5 h6 31. R1f2 Qe1+ 32. Rf1 Qe5 33. Qb4 c5 34. Qb5 g6 35. Qa5 b6 36. Qd2 Kg7 37. Rf6 Re6 38. R6f4 f6 39. Re4 Qd6 40. Ref4 Rfe8 41. R4f3 Qe5 42. Kg1 Qd4+ 43. Qf2 Qxf2+ 44. R1xf2 Re1+ 45. Kh2 R8e6 46. Kg3 R1e2 47. Rxf6 R6e3+ 48. R6f3 Rxf3+ 49. gxf3 Rxf2 50. Kxf2 Kf6 51. f4 h5 52. Kg3 hxg4 53. Kxg4 a6 54. a4 b5 55. b3 bxa4 56. bxa4 a5 57. Kg3 Ke6 58. Kg4 Kf6 59. Kg3 Ke6 60. Kg4 Kf6 61. Kf3 Kf5 62. Ke3 Kf6 63. Kf3 Kf5 64. Kg3 Ke6 65. Kf3 Kf5 66. Kg3 g5 1/2-1/2

[Event "V Copa Marcel Duchamp 2022"]
[Site "Montevideo"]
[Date "2022.02.19"]
[Round "9.35"]
[White "Montiel Caceres, Helen"]
[Black "Rodriguez Buela, Martin"]
[Result "1-0"]
[ECO "A84"]
[WhiteElo "1625"]
[BlackElo "1796"]
[Annotator "NA"]
[PlyCount "55"]
[EventDate "2022.02.12"]
[EventCountry "URU"]
[SourceTitle "playchess.com"]
[Source "ChessBase"]
[SourceQuality "1"]
[TimeControl "5400+30"]

1. d4 e6 2. c4 f5 3. Nc3 Nf6 4. f3 Bb4 5. Bd2 c5 6. e3 cxd4 7. exd4 d6 8. Nh3 O-O 9. Qb3 Qa5 10. a3 Nc6 11. O-O-O Bxc3 12. Bxc3 Qc7 13. Bd3 d5 14. Kb1 Bd7 15. g3 Rfe8 16. Nf4 Ne7 17. Rhe1 Kf7 18. cxd5 exd5 19. Bb4 Bc6 20. Bxe7 Rxe7 21. Bxf5 Rae8 22. Rxe7+ Rxe7 23. Nd3 g6 24. Ne5+ Rxe5 25. dxe5 Qxe5 26. Bc8 Qc7 27. Bh3 Qa5 28. Qe3 1-0

[Event "V Copa Marcel Duchamp 2022"]
[Site "Montevideo"]
[Date "2022.02.19"]
[Round "9.36"]
[White "Silva Rosas, Natalia"]
[Black "Lanzilotta, Filippo"]
[Result "1/2-1/2"]
[ECO "A02"]
[WhiteElo "1777"]
[BlackElo "1299"]
[Annotator "NA"]
[PlyCount "74"]
[EventDate "2022.02.12"]
[EventCountry "URU"]
[SourceTitle "playchess.com"]
[Source "ChessBase"]
[SourceQuality "1"]
[TimeControl "5400+30"]

1. f4 Nf6 2. Nf3 d5 3. g3 c6 4. Bg2 Bf5 5. d3 Nbd7 6. Nh4 Bg6 7. Nd2 Ng4 8. Nb3 Qb6 9. d4 e5 10. h3 Ngf6 11. Nxg6 hxg6 12. dxe5 Nh5 13. Qd3 Nc5 14. Nxc5 Bxc5 15. Qf3 Be7 16. e3 Nxg3 17. Rg1 Bh4 18. Kd1 Ne4 19. Rf1 O-O-O 20. c3 Qb5 21. Kc2 f5 22. exf6 gxf6 23. f5 gxf5 24. Qxf5+ Kc7 25. Bxe4 Qe2+ 26. Bd2 dxe4 27. Rad1 Bg5 28. Rfe1 Rxd2+ 29. Rxd2 Qxe1 30. Qa5+ Kc8 31. Qf5+ Kc7 32. Qd7+ Kb6 33. Qd4+ Kc7 34. Qd6+ Kc8 35. Qd7+ Kb8 36. Qd6+ Kc8 37. Qd7+ Kb8 1/2-1/2